Map: Thunderbird LE

Players

Dorsal

  • Race: Protoss Protoss
  • Spawn Location: 5:00

TiPtOP - Winner!

  • Race: Terran Terran
  • League: Silver
  • Spawn Location: 11:00

VOD

Have the link to the VOD?

Description

Time

  • Played on: Aug. 18, 2019, 9:18 p.m.
  • Length: 23:45
Show
View Real Time Build Order
Export as new Build Order

Dorsal Protoss 

Build Orders: Colossus Rush 

Get SALT Encoding   

  12  0:01  Probe  
  13  0:18  Pylon  
  13  0:20  Probe  
  14  0:31  Probe  
  15  0:37  Gateway  
  15  0:40  Probe  
  15  0:48  Pylon  
  15  0:49  Probe  
  17  1:00  Pylon  
  17  1:03  Probe  
  18  1:13  Assimilator  
  18  1:17  Probe  
  19  1:18  Assimilator  
  20  1:32  Probe  
  20  1:40  Cybernetics Core  
  20  1:41  Probe  
  21  1:49  Probe  
  22  1:57  Zealot  
  22  1:59  Probe  
  25  2:11  Probe  
  26  2:24  Sentry  
  26  2:29  Robotics Facility  
  28  2:32  Gateway  
  28  2:46  Stalker  
  30  2:52  Pylon  
  30  3:10  Stalker  
  32  3:30  Stalker  
  34  3:37  Probe  
  34  3:38  Robotics Bay  
  35  3:45  Stalker  
  37  3:53  Nexus  
  37  3:55  Pylon  
  37  4:04  Pylon  
  37  4:19  Shield Battery  
  37  4:23  Colossus  
  43  4:36  Stalker  
  44  5:02  Probe  
  45  5:10  Probe  
  45  5:11  Immortal  
  45  5:19  Probe  
  51  5:28  Extended Thermal Lance  
  51  5:31  Probe  
  52  5:40  Immortal  
  52  5:44  Probe  
  53  5:55  Zealot  
  53  5:56  Zealot, Probe  
  62  6:04  Twilight Council  
  62  6:08  Probe  
  63  6:11  Forge  
  63  6:15  Pylon  
  63  6:18  Pylon  
  63  6:20  Probe  
  64  6:28  Probe  
  64  6:29  Observer  
  66  6:38  Probe  
  66  6:41  Pylon  
  66  6:45  Blink  
  66  6:46  Protoss Ground Weapons Level 1  
  67  6:50  Probe, Observer  
  69  7:02  Probe  
  70  7:12  Immortal  
  70  7:13  Stalker  
  70  7:14  Probe  
  77  7:19  Assimilator  
  77  7:21  Assimilator  
  77  7:26  Probe  
  78  7:30  Zealot  
  80  7:38  Probe, Pylon  
  80  7:42  Gateway  
  80  7:43  Zealot  
  83  7:50  Probe  
  84  7:57  Zealot  
  86  8:10  Probe  
  87  8:20  Nexus  
  87  8:22  Probe  
  87  8:24  Colossus  
  94  8:30  Stalker  
  96  8:34  Probe, Pylon  
  96  8:39  Pylon  
  97  8:42  Pylon  
  97  8:53  Probe  
  98  8:58  Protoss Ground Weapons Level 2  
  98  9:01  Charge  
  98  9:06  Probe  
  99  9:18  Probe  
  99  9:19  Immortal  
  104  9:27  Robotics Facility  
  104  9:31  Stargate  
  104  9:38  Photon Cannon, Probe  
  104  9:42  Photon Cannon  
  105  9:50  Probe  
  106  9:53  Stargate  
  106  9:58  Immortal  
  110  10:03  Probe  
  111  10:09  Protoss Air Weapons Level 1  
  111  10:15  Probe  
  111  10:18  Void Ray  
  116  10:27  Probe  
  117  10:37  Immortal  
  121  10:46  Void Ray  
  125  10:53  Probe  
  125  10:55  Assimilator  
  126  10:59  Assimilator  
  126  11:01  Void Ray  
  126  11:03  Immortal  
  134  11:05  Probe  
  135  11:18  Probe  
  136  11:21  Immortal  
  140  11:28  Void Ray  
  140  11:30  Probe  
  145  11:42  Immortal, Probe  
  149  11:55  Photon Cannon  
  149  12:06  Pylon  
  149  12:07  Protoss Ground Weapons Level 3  
  149  12:10  Pylon  
  149  12:12  Pylon  
  149  12:16  Pylon  
  149  12:18  Pylon  
  149  12:21  Pylon  
  149  12:24  Protoss Air Armor Level 1, Void Ray, Probe  
  149  12:28  Pylon  
  154  12:31  Nexus  
  154  12:33  Pylon  
  154  12:35  Pylon  
  154  12:36  Probe  
  154  12:44  Pylon  
  91  13:39  Photon Cannon  
  91  13:42  Void Ray x2, Nexus  
  91  13:44  Pylon  
  91  13:45  Pylon  
  99  13:54  Nexus  
  99  14:04  Photon Cannon  
  99  14:06  Photon Cannon  
  99  14:13  Shield Battery  
  99  14:15  Colossus  
  105  14:24  Void Ray  
  105  14:25  Void Ray  
  105  14:27  Pylon  
  105  14:28  Pylon  
  113  14:31  Gravitic Boosters  
  113  14:34  Sentry x2  
  117  14:45  Fleet Beacon  
  117  14:55  Probe  
  117  14:59  Photon Cannon  
  118  15:05  Photon Cannon  
  118  15:06  Probe  
  119  15:07  Probe  
  120  15:18  Probe  
  120  15:19  Probe  
  122  15:22  Void Ray  
  126  15:30  Probe  
  126  15:31  Probe  
  128  15:43  Probe  
  129  15:54  Probe  
  129  15:55  Probe  
  131  15:57  Protoss Shields Level 1  
  131  16:06  Immortal x2, Probe  
  131  16:07  Probe  
  131  16:08  Void Ray  
  145  16:17  Protoss Air Weapons Level 2  
  145  16:18  Probe  
  145  16:20  Probe  
  145  16:21  Tempest  
  152  16:32  Probe  
  142  16:44  Probe  
  118  16:56  Probe  
  118  16:59  Colossus  
  118  17:00  Immortal  
  129  17:05  Stalker  
  129  17:08  Probe  
  132  17:11  Probe  
  133  17:17  Assimilator  
  133  17:20  Assimilator, Probe  
  133  17:21  Shield Battery  
  134  17:23  Probe  
  134  17:28  Stalker x2  
  139  17:32  Probe  
  140  17:38  Colossus  
  140  17:40  Stalker  
  148  17:44  Probe  
  148  17:47  Tempest  
  154  17:53  Immortal  
  154  17:56  Probe  
  154  17:58  Stalker x2  
  163  18:03  Tempest  
  168  18:08  Probe  
  168  18:09  Probe  
  170  18:14  Assimilator  
  170  18:18  Assimilator, Robotics Facility  
  170  18:19  Protoss Shields Level 2  
  170  18:21  Probe x2  
  170  18:27  Stalker  
  174  18:28  Stalker  
  174  18:30  Tempest  
  174  18:31  Stalker  
  174  18:32  Immortal  
  174  18:33  Probe x2  
  189  18:46  Tempest  
  173  19:00  Stalker  
  173  19:01  Stalker x2  
  179  19:13  Tempest  
  184  19:27  Protoss Air Weapons Level 3  
  184  19:28  Tempest  
  184  19:30  Stalker  
  184  19:31  Stalker x2  
  195  20:00  Stalker  
  153  20:48  Stalker x3  
  153  20:49  Tempest  
  152  20:50  Void Ray  
  120  21:17  Stargate  
  116  21:19  Stalker, Stargate  
  118  21:32  Void Ray  
  123  21:33  Void Ray  
  126  21:55  Stalker x2  
  126  21:56  Stalker  
  132  22:14  Nexus  
  132  22:15  Void Ray  
  136  22:16  Void Ray  
  136  22:17  Pylon x2  
  136  22:18  Void Ray x2  
  148  22:25  Stalker x2  
  148  22:26  Stalker  
  154  22:35  Gateway  
  153  22:52  Photon Cannon  
  153  22:53  Photon Cannon  
  153  22:55  Stalker x2  
  153  22:56  Stalker  
  153  22:58  Void Ray  
  158  22:59  Void Ray  
  158  23:01  Void Ray x2  
Show
View Real Time Build Order
Export as new Build Order

TiPtOP Terran - Winner!

Build Orders: Mech 

Get SALT Encoding   

  12  0:00  SCV  
  13  0:13  SCV  
  14  0:19  Supply Depot  
  14  0:25  SCV  
  15  0:40  SCV  
  16  0:45  Barracks  
  16  0:52  SCV  
  16  0:54  Supply Depot  
  17  1:04  SCV  
  17  1:07  Refinery  
  18  1:16  SCV  
  19  1:35  Marine  
  20  1:42  Command Center  
  20  1:45  Orbital Command  
  20  2:09  Barracks Tech Lab  
  20  2:22  SCV  
  21  2:28  Marine  
  22  2:38  SCV  
  23  2:45  Factory  
  23  2:54  Bunker  
  22  3:06  Orbital Command  
  22  3:28  SCV  
  23  3:37  SCV  
  23  3:40  SCV  
  25  3:43  Siege Tank  
  28  3:49  SCV  
  28  3:52  SCV  
  28  3:53  Refinery, Marine  
  31  4:04  SCV  
  31  4:05  SCV  
  33  4:16  SCV  
  34  4:25  SCV  
  34  4:28  SCV  
  36  4:34  Engineering Bay  
  36  4:37  SCV  
  37  4:39  Siege Tank  
  37  4:40  Factory, SCV  
  41  4:53  SCV x2  
  43  5:05  SCV  
  43  5:06  SCV  
  45  5:07  Command Center  
  45  5:16  Supply Depot  
  45  5:19  Missile Turret  
  45  5:24  Missile Turret  
  45  5:29  SCV  
  45  5:31  Refinery  
  45  5:32  Refinery  
  46  5:37  SCV  
  46  5:38  Siege Tank  
  46  5:41  SCV  
  50  5:42  Factory Reactor  
  50  5:48  Factory  
  50  5:49  SCV, Supply Depot  
  51  6:11  Supply Depot  
  51  6:12  Armory  
  51  6:26  Missile Turret  
  51  6:29  Siege Tank  
  51  6:31  Hellion  
  51  6:32  Hellion  
  58  6:48  Missile Turret, Orbital Command  
  58  6:50  SCV x2  
  60  6:56  Factory Tech Lab  
  60  7:02  SCV x2  
  62  7:14  SCV  
  63  7:19  Supply Depot  
  63  7:22  Supply Depot  
  63  7:23  Supply Depot  
  63  7:24  SCV  
  63  7:26  SCV  
  63  7:28  SCV  
  66  7:33  Refinery  
  66  7:36  SCV  
  67  7:38  Thor, SCV  
  67  7:40  SCV  
  67  7:41  Hellbat x2  
  67  7:42  Supply Depot  
  79  7:49  SCV  
  79  7:50  SCV, Command Center  
  81  7:52  SCV  
  81  7:54  Factory  
  81  7:55  Terran Vehicle Weapons Level 1  
  82  7:58  Armory  
  82  8:04  Supply Depot  
  82  8:10  SCV  
  82  8:11  SCV  
  82  8:12  SCV  
  85  8:16  Thor  
  91  8:21  Thor  
  91  8:23  SCV  
  91  8:24  SCV  
  99  8:35  SCV  
  99  8:37  Supply Depot  
  100  8:43  SCV  
  100  8:44  Missile Turret  
  101  8:52  SCV  
  101  8:55  SCV  
  103  8:59  Thor, Supply Depot  
  109  9:04  Thor, SCV  
  109  9:05  Missile Turret  
  109  9:07  SCV  
  117  9:15  Refinery  
  117  9:16  SCV  
  118  9:19  SCV  
  118  9:22  Supply Depot  
  119  9:27  Orbital Command  
  119  9:32  Factory  
  119  9:33  Factory Tech Lab  
  119  9:37  Hellbat x2  
  123  9:42  Thor  
  129  9:46  Thor  
  129  9:50  Missile Turret  
  135  9:54  Missile Turret  
  135  9:55  Missile Turret  
  135  9:58  Hellion  
  137  10:01  Missile Turret  
  137  10:04  Terran Vehicle And Ship Armor Level 1  
  137  10:05  Terran Vehicle Weapons Level 2  
  137  10:11  Thor  
  137  10:12  Hellbat  
  145  10:20  Hellbat  
  147  10:24  Supply Depot  
  147  10:25  Thor  
  153  10:29  Thor, Infernal Pre-Igniter  
  153  10:30  Factory Reactor, Supply Depot  
  153  10:33  Hellbat  
  153  10:34  Command Center  
  161  10:37  Hellion x2  
  161  10:47  Supply Depot  
  161  10:53  Supply Depot  
  161  10:54  Thor  
  167  11:07  Thor  
  173  11:18  Supply Depot  
  173  11:41  Factory, Supply Depot  
  171  12:05  Terran Vehicle And Ship Armor Level 2  
  171  12:09  Orbital Command  
  171  12:28  Orbital Command  
  171  12:29  Missile Turret  
  171  12:33  Refinery  
  171  12:35  Refinery  
  171  12:36  Missile Turret  
  171  12:39  Missile Turret  
  153  13:05  Thor x3  
  171  13:06  Hellbat x4  
  119  13:27  Hellbat x2  
  119  13:28  Hellbat x2  
  115  13:47  Thor  
  115  13:48  Thor x2  
  133  13:51  Hellbat x3  
  133  13:55  Orbital Command  
  139  14:05  Hellbat  
  141  14:12  Hellbat x2  
  145  14:23  SCV  
  146  14:30  Thor x2  
  146  14:31  Thor  
  164  14:35  SCV  
  165  14:47  Hellbat x3  
  165  14:48  SCV  
  165  14:51  Terran Vehicle And Ship Armor Level 3  
  172  14:59  SCV x3  
  176  15:00  SCV x2  
  176  15:02  Refinery  
  176  15:03  Missile Turret  
  176  15:05  Missile Turret, Refinery  
  177  15:11  SCV  
  177  15:13  Thor x3  
  196  15:37  SCV  
  197  15:49  SCV  
  198  16:01  SCV  
  199  16:22  Factory  
  199  16:24  Factory  
  198  16:35  Starport  
  198  16:37  Starport  
  198  16:38  SCV  
  173  16:42  Thor x3  
  173  16:43  Hellbat x3  
  173  16:50  SCV  
  136  16:58  Hellbat  
  138  17:04  Hellbat x2  
  138  17:05  Command Center  
  142  17:14  Starport  
  142  17:18  Fusion Core  
  142  17:22  Starport x2  
  142  17:24  Thor  
  142  17:25  Thor x2  
  142  17:27  Starport  
  160  17:31  Starport, Terran Vehicle Weapons Level 3  
  160  17:33  Terran Ship Weapons Level 1  
  160  17:35  Starport  
  160  17:39  Starport Tech Lab  
  160  17:44  Starport Tech Lab  
  160  17:48  Hellbat x4  
  168  18:07  Thor x3  
  168  18:09  Hellbat x2  
  168  18:10  Starport  
  190  18:15  Starport Tech Lab  
  190  18:32  Starport Tech Lab  
  190  18:34  Starport Tech Lab x2  
  182  18:46  Starport Tech Lab  
  182  18:47  Starport Tech Lab  
  154  18:49  Battlecruiser  
  154  18:50  Thor x3  
  166  18:58  Battlecruiser x3  
  184  19:08  Battlecruiser  
  190  19:23  Command Center  
  190  19:25  Command Center  
  190  19:33  Thor  
  196  19:44  Command Center  
  196  19:49  Command Center  
  193  20:18  Starport Tech Lab  
  193  20:26  Command Center  
  133  20:43  Battlecruiser x5  
  133  20:44  Battlecruiser x2  
  160  20:58  Refinery  
  158  21:08  Terran Ship Weapons Level 2  
  158  21:09  Weapon Refit  
  158  21:22  Refinery  
  158  21:31  Unknown x2  
  158  21:47  Battlecruiser  
  158  21:49  Planetary Fortress  
  158  21:52  Planetary Fortress  
  164  21:57  Refinery  
  164  21:58  Planetary Fortress  
  164  22:11  Planetary Fortress  
  164  22:21  Refinery  
  164  22:25  Refinery x2  
Tags
 
Composition
Mech
League
Silver
Matchup
PvT
Spawn Locations
Cross Positions
Add a new tag
Caveats
  • Supply blocks, unpowered buildings, or Contaminate may cause inaccurate times.
  • Supply counts are checked every 10 seconds.